 Dungeon Crawl Stone Soup version 0.27-a0-1312-g5cdb2b3542 (webtiles) character file.

Game seed: 14022743514040841579

30 bilbop the Caller (level 3, 0/20 HPs)
             Began as a Kobold Summoner on June 19, 2021.
             Killed by nerve-wracking pain
             ... invoked by Jessica
              (13 damage)
             ... on level 2 of the Dungeon.
             The game lasted 00:06:59 (1933 turns).

bilbop the Caller (Kobold Summoner)                 Turns: 1933, Time: 00:06:59

Health: 0/20       AC:  7    Str:  5    XL:     3   Next: 37%
Magic:  2/6        EV: 14    Int: 16    God:
Gold:   127        SH:  0    Dex: 16    Spells: 6/7 levels left

rFire    . . .     SeeInvis .   a - +0 dagger
rCold    . . .     Faith    .   (shield restricted)
rNeg     . . .     Spirit   .   f - +0 leather armour
rPois    .         Reflect  .   (no helmet)
rElec    .         Harm     .   (no cloak)
rCorr    .         Rampage  .   (no gloves)
Will     .....                  (no boots)
Stlth    +++.......             (no amulet)
HPRegen  0.06/turn              k - +4 ring of protection
MPRegen  0.10/turn              (no ring)

@: no status effects
A: small, no large weapons, nightstalker 3
a: no special abilities


You were on level 2 of the Dungeon.
You visited 1 branch of the dungeon, and saw 2 of its levels.

You collected 127 gold pieces.

Inventory:

Hand Weapons
 a - a +0 dagger (weapon)
Armour
 d - a +0 robe
 f - a +0 leather armour (worn)
Jewellery
 k - a +4 ring of protection (left hand)
Scrolls
 b - a scroll of brand weapon {unknown}
 c - a scroll of torment {unknown}
 i - 2 scrolls of enchant weapon {unknown}
 j - a scroll of magic mapping {unknown}
Potions
 e - a potion of berserk rage {unknown}
 g - a potion of curing {unknown}
 h - a potion of flight {unknown}


   Skills:
 + Level 1.1 Fighting
 + Level 2.9 Dodging
 + Level 3.2 Stealth
 + Level 2.6 Spellcasting
 + Level 4.2 Summonings


You had 6 spell levels left.
You knew the following spells:

 Your Spells              Type           Power      Damage    Failure   Level
a - Summon Small Mammal   Summ           60%        N/A       6%          1

Your spell library contained the following spells:

 Spells                   Type           Power      Damage    Failure   Level
 Call Imp                 Summ           15%        N/A       9%          2
 Call Canine Familiar     Summ           15%        N/A       17%         3
 Summon Guardian Golem    Hex/Summ       8%         N/A       38%         3
 Summon Ice Beast         Ice/Summ       8%         N/A       80%         4
 Summon Lightning Spire   Summ/Air       8%         N/A       80%         4


Dungeon Overview and Level Annotations

Branches:
Dungeon (2/15)

Altars:

Annotations:
D:2 Jessica


Innate Abilities, Weirdness & Mutations

You are small and have problems with some larger weapons.
You are completely attuned to the shadows.


Message History

You are frozen.
Jessica mumbles something strange.
Your rat bites the endoplasm.
Your bat hits the endoplasm but does no damage.
You swap places.
Your bat hits the endoplasm.
Your bat barely misses the endoplasm.
The endoplasm completely misses your bat.
Your rat bites the endoplasm. x2
The endoplasm dies!
What are your orders? t - Shout!
Orders for allies: a - Attack new target. r - Retreat! s - Stop attacking. g - Guard the area. f - Follow me.
Anything else - Cancel.
Gang up on whom?
Press: ? - help, Dir - move target, f - Jessica
Aim: Jessica, wielding a +0 club and wearing a +2 robe of willpower (moderately wounded, ally target) Attack!
Your bat hits Jessica.
Your bat barely misses Jessica.
Jessica hits your rat with a +0 club!
Your rat dies!
Your rat's corpse disappears in a puff of smoke!
Your quokka barely misses Jessica.
Your bat hits Jessica but does no damage.
Your quokka closely misses Jessica.
Your rat closely misses Jessica.
You swap places.
Your bat hits Jessica but does no damage.
Your bat completely misses Jessica.
Jessica points at you and mumbles some strange words.
Your quokka seems to slow down.
Your quokka barely misses Jessica.
Your rat misses Jessica.
Your quokka closely misses Jessica.
Jessica mumbles some strange words.
Jessica blinks!
You swap places.
You swap places.
Your bat closely misses Jessica.
Jessica casts a spell at you. Pain shoots through your body!
Ouch! That really hurt!
You die...

..# ###......# ..#
#.##.#.# ..# #.##.#.#
..# #.##.#.# .##
#.##.#.# ... ..#.#
...#####.# ......##.#
..#.#r@r.# ....b.##r# ..
#.#.#.#@##.# ##.#
#.#........#### ....
#.###......##.#
.#..#####.#...##.## #.#
..............# #.#
.....####.#...## #.#
.#...###...<..##.####.##


You could see Jessica (ally target), 2 friendly quokkas, a friendly bat
(summoned) and a friendly rat (summoned).

Vanquished Creatures
  An endoplasm (D:1)
  A giant cockroach (D:2)
  2 hobgoblins
  A jackal (D:2)
  2 kobolds (D:2)
  3 ball pythons
  3 goblins (D:1)
13 creatures vanquished.

Vanquished Creatures (collateral kills)
  An adder (D:2)
  2 bats (D:1)
  2 endoplasms
  A giant cockroach (D:1)
  A hobgoblin (D:2)
  3 jackals (D:2)
  A kobold (D:1)
  A quokka (D:1)
  2 frilled lizards
  A rat (D:1)
15 creatures vanquished.

Grand Total: 28 creatures vanquished

Notes
Turn   | Place    | Note
-------+----------+-------------------------------------------
     0 | D:1      | bilbop the Kobold Summoner began the quest for the Orb.
     0 | D:1      | Reached XP level 1. HP: 10/10 MP: 3/3
   579 | D:1      | Reached XP level 2. HP: 16/16 MP: 0/5
  1776 | D:2      | Reached XP level 3. HP: 20/20 MP: 6/6
  1782 | D:2      | Reached skill level 1 in Fighting
  1918 | D:2      | Noticed Jessica
  1933 | D:2      | Killed from afar by Jessica

Illustrated notes

Levels and vault maps discovered:
D:1:      dpeg_chamrin_arrival_tetris, layout_basic, roderic_roman_lattice,
          minmay_strange_pillars, minmay_misc_feat_columns
D:2:      minmay_spotlight, layout_basic, serial_glass, glass_columns_a,
          glass_columns_b, glass_columns_a, glass_columns_b,
          minmay_joined_circles, uniq_jessica

Skill      XL: |  1  2  3 |
---------------+----------+-----
Stealth        | 3 |  3.2
Fighting       | 1 |  1.1
Dodging        | |  2.9
Spellcasting   | |  2.6
Summonings     | |  4.2

Action                   || total
-------------------------++-------
Melee: Unarmed           ||     9
       Dagger            ||    50
 Cast: Summon Small Mamm ||    36
 Stab: Sleeping          ||     6
       Distracted        ||     2
Armor: Robe              ||     8
       Leather armour    ||     8
Dodge: Dodged            ||    47

Table legend: (Time is in decaauts)
 A = Elapsed time spent in this place.
 B = Non-inter-level travel time spent in this place.
 C = Inter-level travel time spent in this place.
 D = Time resting spent in this place.
 E = Time spent auto-exploring this place.
 F = Levels seen in this place.
 G = Mean time per level.
                   A        B        C        D        E       F      G
               +--------+--------+--------+--------+--------+-----+--------+
         Total |   1931 |   1908 |     23 |      0 |   1674 |   2 |  965.5 |
       Dungeon |   1931 |   1908 |     23 |      0 |   1674 |   2 |  965.5 |
               +--------+--------+--------+--------+--------+-----+--------+

Top non-repeatable levels by time:
     D:1: 1519 daAuts
     D:2: 412 daAuts
